 Dungeon Crawl Stone Soup version 0.29.1-1-gd02db6906a (webtiles) character file.

Game seed: 14450944646083232189

79 raistware the Conjurer (level 4, -5/27 HPs)
             Began as an Octopode Conjurer on Sept 23, 2022.
             Killed from afar by Ijyb (12 damage)
             ... with an iceblast
             ... on level 3 of the Dungeon.
             The game lasted 00:04:50 (2182 turns).

raistware the Conjurer (Octopode Conjurer)          Turns: 2182, Time: 00:04:52

Health: -5/27      AC:  1    Str:  6    XL:     4   Next: 37%
Magic:  9/10       EV: 13    Int: 22    God:
Gold:   101        SH:  0    Dex: 16    Spells: 2/11 levels left

rFire   . . .      SeeInvis .   (no weapon)
rCold   . . .      Faith    .   (no shield)
rNeg    . . .      Spirit   .   (helmet restricted)
rPois   .          Reflect  .   (no amulet)
rElec   .          Harm     .   f - +6 ring of dexterity
rCorr   .          Rampage  .   (no ring)
Will    .....                   (no ring)
Stlth   +++.......              (no ring)
HPRegen 0.09/turn               (no ring)
MPRegen 0.12/turn               (no ring)
                                (no ring)
                                (no ring)

@: no status effects
A: almost no armour, amphibious, 8 rings, camouflage 1, gelatinous body 1,
(nimble swimmer 1), tentacles
a: no special abilities


You were on level 3 of the Dungeon.
You visited 1 branch of the dungeon, and saw 4 of its levels.

You collected 101 gold pieces.

Inventory:

Missiles
 p - 8 boomerangs
Armour
 e - a +0 buckler
Jewellery
 f - a +6 ring of dexterity (left tentacle)
Scrolls
 g - a scroll of brand weapon {unknown}
 i - 3 scrolls of identify {unknown}
 j - 2 scrolls of blinking {unknown}
 k - a scroll of fear {unknown}
 l - 2 scrolls of enchant weapon {unknown}
 m - a scroll of vulnerability {unknown}
 n - a scroll of teleportation {unknown}
Potions
 a - a potion of magic
 b - 3 potions of curing {unknown}
 c - a potion of resistance {unknown}
 d - a potion of flight {unknown}
 h - a potion of attraction {unknown}
 o - a potion of mutation {unknown}


   Skills:
 - Level 2.0 Dodging
 - Level 3.0 Stealth
 - Level 4.0 Spellcasting
 - Level 4.0 Conjurations
 + Level 0.3 Translocations
 + Level 0.6 Poison Magic


You had 2 spell levels left.
You knew the following spells:

 Your Spells              Type           Power      Damage    Failure   Level
a - Magic Dart            Conj           88%        1d7       2%          1
b - Iskenderun's Mystic   Conj/Tloc      14%        2d5       41%         4
c - Olgreb's Toxic Radia  Pois           7%         N/A       65%         4

Your spell library contained the following spells:

 Spells                   Type           Power      Damage    Failure   Level
 Searing Ray              Conj           44%        2d6       3%          2
 Dazzling Flash           Conj/Hex       26%        N/A       14%         3
 Fulminant Prism          Conj/Hex       6%         3d7       43%         4
 Ozocubu's Refrigeration  Ice            2%         4d7       100%        7
 Ignition                 Fire           2%         3d3       100%        8


Dungeon Overview and Level Annotations

Branches:
Dungeon (4/15)
 Temple: D:4-7

Altars:
Cheibriados

Annotations:
D:3 Ijyb


Innate Abilities, Weirdness & Mutations

You cannot wear most types of armour.
You are amphibious.
You can wear up to eight rings at the same time.
Your skin changes colour to match your surroundings (Stealth+).
Your rubbery body absorbs attacks. (AC +1, EV +1)
((You are camouflaged when in or above water. (Stealth+)))
You have tentacles for arms and can constrict up to eight enemies at once.


Message History

There is a stone staircase leading down here.
You climb downwards.
Level annotation: Ijyb
There is a stone staircase leading up here.
The magic dart hits the endoplasm but does no damage.
The endoplasm quivers.
The magic dart hits the endoplasm.
The endoplasm is moderately wounded.
The magic dart hits the endoplasm.
You kill the endoplasm!
You can't see any susceptible monsters within range! (Use Z to cast anyway.)
You can't see any susceptible monsters within range! (Use Z to cast anyway.)
A rat comes into view.
The magic dart hits the rat.
You kill the rat!
You can't see any susceptible monsters within range! (Use Z to cast anyway.)
You can't see any susceptible monsters within range! (Use Z to cast anyway.) Magic restored.
i - 2 scrolls labelled LAIP RUSAHU (gained 1)
You see here a jackal corpse.
You see here a jackal corpse.
i - 3 scrolls labelled LAIP RUSAHU (gained 1)
The magic dart hits Ijyb but does no damage.
Throw: 2 darts (curare)
Press: ? - help, Shift-Dir - straight line, f/p - Ijyb
Aim: Ijyb, wielding a +0 dagger, wearing a +0 leather armour and carrying a wand of iceblast (10) (51% to hit)
You throw a curare-tipped dart.
The curare-tipped dart barely misses Ijyb.
Ijyb zaps a wand.
The mass of ice explodes!
The iceblast engulfs you!!
Ouch! That really hurt!
* * * LOW HITPOINT WARNING * * *
You hear a shout!
Unknown command.
Throw: dart (curare)
Press: ? - help, Shift-Dir - straight line, f/p - Ijyb
Aim: Ijyb, wielding a +0 dagger, wearing a +0 leather armour and carrying a wand of iceblast (9) (51% to hit)
You throw a curare-tipped dart.
The curare-tipped dart completely misses Ijyb.
Ijyb zaps a wand.
The mass of ice explodes!
The iceblast engulfs you!
You die...

...#.##........###
............##....
..###.#...##.####
#............
.###...##.###
#........#.#
######.....#
#######..# [.#
.......@.##### #.#
#######......# #.#
######g(####.#
##....#.####
...........#
...........#
.......>...#
?..........#
...o.......#


You could see Ijyb.

Vanquished Creatures
  2 adders
  6 ball pythons
  2 bats (D:1)
  7 endoplasms
  4 giant cockroaches
  7 goblins
  13 jackals
  A quokka (D:2)
  3 frilled lizards (D:1)
  3 kobolds (D:1)
  2 rats
50 creatures vanquished.

Notes
Turn   | Place    | Note
-------+----------+-------------------------------------------
     0 | D:1      | raistware the Octopode Conjurer began the quest for the
                  | Orb.
     0 | D:1      | Reached XP level 1. HP: 11/11 MP: 3/3
   189 | D:1      | Reached XP level 2. HP: 17/17 MP: 0/5
   685 | D:1      | Reached XP level 3. HP: 21/21 MP: 2/7
  1412 | D:2      | Found a faded altar of an unknown god.
  1572 | D:2      | You fall into a shaft and drop 2 floors!
  1611 | D:3      | Noticed Ijyb
  1756 | D:3      | Reached XP level 4. HP: 24/27 MP: 7/9
  1902 | D:3      | Learned a level 4 spell: Iskenderun's Mystic Blast
  1907 | D:3      | Learned a level 4 spell: Olgreb's Toxic Radiance
  2086 | D:2      | Found a snail-covered altar of Cheibriados.
  2182 | D:3      | Killed from afar by Ijyb

Illustrated notes

Levels and vault maps discovered:
D:1:      lightli_arrival_noodles, layout_rooms, minmay_unequal
D:2:      layout_rooms, shapermc_ecumenical_altar_totnotflames, basic_altar
D:3:      layout_basic, uniq_ijyb
D:4:      layout_rooms, grunt_temple_overflow_champion_of_chaos,
          kennysheep_little_box, serial_shops, kennysheep_mini_moat

Skill      XL: |  1  2  3  4 |
---------------+-------------+-----
Spellcasting   | 3 4 |  4.0
Stealth        | 3 |  3.0
Dodging        | |  2.0
Conjurations   | |  4.0
Translocations | |  0.3
Poison Magic   | |  0.6

Action                   |  1- 3 |  4- 6 || total
-------------------------+-------+-------++-------
Melee: Unarmed           |    14 |     7 ||    21
       Constrict         |     4 |     2 ||     6
       Tentacles         |     2 |       ||     2
       Punch             |     1 |       ||     1
Throw: Dart              |       |     2 ||     2
 Cast: Magic Dart        |    73 |    24 ||    97
Armor: Skin              |       |     3 ||     3
Dodge: Dodged            |    10 |    10 ||    20
